 Dungeon Crawl Stone Soup version 0.29.0-4-gdea44cf6ec (webtiles) character file.

Game seed: 7733720974480201642

61 qw the Sneak (level 3, -2/17 HPs)
             Began as a Felid Delver on Aug 27, 2022.
             Was an Initiate of Trog.
             Slain by an orc
             ... wielding a +0 short sword
              (5 damage)
             ... on level 5 of the Dungeon.
             The game lasted 00:00:01 (106 turns).

qw the Sneak (Felid Delver)                          Turns: 106, Time: 00:00:01

Health: -2/17      AC:  1    Str:  8    XL:     3   Next: 83%
Magic:  4/4        EV: 19    Int: 11    God:    Trog [......]
Gold:   0          SH:  0    Dex: 19    Spells: 2/2 levels left
                                        Lives:  0   Deaths: 0

rFire   . . .      SeeInvis +     - Unarmed
rCold   . . .      Faith    .   (shield unavailable)
rNeg    . . .      Spirit   .   (body armour unavailable)
rPois   .          Reflect  .   (helmet unavailable)
rElec   .          Harm     .   (cloak unavailable)
rCorr   .          Rampage  .   (gloves unavailable)
Will    .....                   (boots unavailable)
Stlth   ++++......              (no amulet)
HPRegen 0.05/turn               (no ring)
MPRegen 0.09/turn               (no ring)

@: quick
A: very small, claws 1, fangs 3, see invisible, speed 1, shaggy fur 1, stealthy
paws, no weapons or thrown items, no armour, multi-lived
a: Renounce Religion


You were on level 5 of the Dungeon.
You worshipped Trog.
Trog was noncommittal.
You visited 2 branches of the dungeon, and saw 2 of its levels.


Innate Abilities, Weirdness & Mutations

You have sharp claws.
You have razor-sharp teeth.
You have supernaturally acute eyesight. (SInv)
You cover ground quickly. (Speed+)
You are covered in fur. (AC +1)
Your paws help you pounce on unaware monsters.
You are incapable of wielding weapons or throwing items.
You cannot wear armour.
You gain extra lives every three experience levels.


   Skills:
 - Level 3.0 Fighting
 - Level 3.9 Dodging
 - Level 6.6 Stealth
 + Level 3.6 Unarmed Combat


You had 2 spell levels left.
You didn't know any spells.
Your spell library was empty.

Inventory:

Wands
 e - a wand of digging (3)
Potions
 d - a potion of haste

Dungeon Overview and Level Annotations

Branches:
Dungeon (5/15)             Temple (1/1) D:5

Altars:
Ashenzari
Cheibriados
Dithmenos
Fedhas
Gozag
Kikubaaqudgha
Makhleb
Qazlal
Ru
Trog
Vehumet
Yredelemnul


Message History

The howler monkey hoots and howls with incredible vigour!
You hear a shout! x2
You claw the hound!
The hound is severely wounded.
The hound closely misses you. The hound barely misses you.
You scratch the hound but do no damage.
The hound is severely wounded.
The hound closely misses you. The orc barely misses you.
93 ||| Stepping ~*~*~tactically~*~*~ (outnumbered).
The hound bites you.
You closely miss the hound.
The hound is severely wounded.
The hound bites you. The hound completely misses you.
You scratch the hound.
You kill the hound!
Trog accepts your kill. The orc misses you.
Your Dodging skill increases to level 3!
96 ||| Stepping ~*~*~tactically~*~*~ (outnumbered).
The howler monkey hoots and howls with incredible vigour!
You hear a shout!
You hear an angry hiss.
You barely miss the orc. The orc completely misses you.
98 ||| Stepping ~*~*~tactically~*~*~ (outnumbered).
99 ||| Stepping ~*~*~tactically~*~*~ (outnumbered).
You see here a hound corpse.
100 ||| Stepping ~*~*~tactically~*~*~ (outnumbered).
102 ||| Stepping ~*~*~tactically~*~*~ (outnumbered).
103 ||| Stepping ~*~*~tactically~*~*~ (outnumbered).
You barely miss the orc.
The howler monkey hoots and howls with incredible vigour!
The orc completely misses you. The orc barely misses you.
You hear an angry hiss.
You closely miss the orc. The orc completely misses you.
The orc hits you with a +0 short sword.
You scratch the orc.
The orc is heavily wounded.
A hound comes into view.
The orc hits you with a +0 short sword. x2
You die...

#########
#.........####
#..#...#.......
###..##.}.##......
#...##.....##.....
#..##..#.#..##..>.
#.....##.##....?..
#@oh.##...##......
#.o}....>....}....
#.o..##...##......
#...%w##.##.......
#..##..#.#..##....
#...##.....# .....
#(...##.}.## .....
#..<..#.h.#.......
#...........# ....


You could see a worm, a howler monkey, a hound (wandering) and 3 orcs.

Vanquished Creatures
  2 hounds (D:5)
2 creatures vanquished.

Vanquished Creatures (others)
  2 orcs (D:5)
2 creatures vanquished.

Grand Total: 4 creatures vanquished

Notes
Turn   | Place    | Note
-------+----------+-------------------------------------------
     0 | D:5      | qw the Felid Delver began the quest for the Orb.
     0 | D:5      | Reached XP level 1. HP: 10/10 MP: 2/2
     0 | D:5      | 0 ||| qw: Version: 0.1-a-89-g26bdef1
     0 | D:5      | 0 ||| qw: Game counter: 26
     0 | D:5      | 0 ||| qw: Always use a shield: true
     0 | D:5      | 0 ||| qw: God list: Okawaru, Trog
     0 | D:5      | 0 ||| qw: Allow faded altars: false
     0 | D:5      | 0 ||| qw: Do Orc after D:15 true
     0 | D:5      | 0 ||| qw: Do second Lair branch before Depths: true
     0 | D:5      | 0 ||| qw: Lair rune preference: random
     0 | D:5      | 0 ||| qw: Plans: Normal
     0 | D:5      | 0 ||| PLANNING D:1-11
     0 | D:5      | Found a staircase to the Ecumenical Temple.
     1 | D:5      | 1 ||| PLANNING TEMPLE
     1 | D:5      | 1 ||| DROPPING scroll of fog.
     2 | D:5      | 2 ||| DROPPING scroll of magic mapping.
     3 | D:5      | 3 ||| DROPPING scroll of fear.
    12 | Temple   | Entered the Ecumenical Temple
    34 | Temple   | Became a worshipper of Trog the Wrathful
    49 | Temple   | 49 ||| PLANNING D:1-11
    57 | D:5      | 57 ||| PLANNING OSSUARY
    63 | D:5      | Noticed a hound
    76 | D:5      | Noticed a hound
    79 | D:5      | Killed a hound
    80 | D:5      | Reached skill level 3 in Unarmed Combat
    80 | D:5      | Reached XP level 2. HP: 14/14 MP: 3/3
    80 | D:5      | Reached XP level 3. HP: 17/17 MP: 4/4
    85 | D:5      | Found a radiant altar of Vehumet.
    87 | D:5      | 87 ||| Stepping ~*~*~tactically~*~*~ (stealth).
    88 | D:5      | 88 ||| Stepping ~*~*~tactically~*~*~ (stealth).
    93 | D:5      | 93 ||| Stepping ~*~*~tactically~*~*~ (outnumbered).
    96 | D:5      | Reached skill level 3 in Dodging
    96 | D:5      | 96 ||| Stepping ~*~*~tactically~*~*~ (outnumbered).
    98 | D:5      | 98 ||| Stepping ~*~*~tactically~*~*~ (outnumbered).
    99 | D:5      | 99 ||| Stepping ~*~*~tactically~*~*~ (outnumbered).
   100 | D:5      | 100 ||| Stepping ~*~*~tactically~*~*~ (outnumbered).
   102 | D:5      | 102 ||| Stepping ~*~*~tactically~*~*~ (outnumbered).
   103 | D:5      | 103 ||| Stepping ~*~*~tactically~*~*~ (outnumbered).
   106 | D:5      | HP: 3/17 [orc/+0 short sword (3)]
   106 | D:5      | Slain by an orc

Levels and vault maps discovered:
D:5:      layout_rooms, zin_treasury, beargit_hepliaklqana_dungeon_heroes,
          fiery_altar_vehumet, minmay_temple_entry_waves,
          nicolae_ossuary_entry_ruins
Temple:   hellmonk_temple_of_storms

Skill      XL: |  1  2  3 |
---------------+----------+-----
Unarmed Combat | 3 |  3.6
Dodging        | 3 |  3.9
Fighting       | |  3.0
Stealth        | |  6.6

Action                   || total
-------------------------++-------
Melee: Unarmed           ||    11
 Stab: Sleeping          ||     1
Dodge: Dodged            ||    13

Table legend:
 A = Non-vault XP
 B = Vault XP
 C = Vault XP percentage of total XP
 D = Non-vault monster count
 E = Vault monster count
 F = Vault count percentage of total count
                 A         B        C        D         E       F
            +---------+---------+-------+---------+---------+-------
      Total |      88 |       0 |   0.0 |       2 |       0 |   0.0
            +---------+---------+-------+---------+---------+-------
        D:5 |      88 |       0 |   0.0 |       2 |       0 |   0.0
            +---------+---------+-------+---------+---------+-------
